Map: Orbital Shipyard

Players

Grumm

  • Race: Zerg Zerg
  • League: Gold

alderuines - Winner!

  • Race: Protoss Protoss
  • League: Gold

VOD

Have the link to the VOD?

Description

Time

  • Played on: Feb. 13, 2016, 6:14 p.m.
  • Length: 11:36
Show
View Real Time Build Order
Export as new Build Order

Grumm Zerg 

Build Orders: Pool First, Lurkers 

Get SALT Encoding   

  12  0:01  Drone  
  13  0:08  Drone  
  14  0:24  Overlord  
  14  0:41  Spawning Pool  
  13  0:46  Drone x3  
  16  1:14  Hatchery  
  16  1:18  Drone x2  
  16  1:25  Evolution Chamber  
  16  1:28  Extractor  
  16  1:29  Zergling x2  
  16  1:56  Zergling x6  
  19  2:12  Zergling x2  
  20  2:25  Queen, Roach Warren  
  20  2:26  Queen  
  24  2:30  Drone x3  
  26  2:41  Extractor  
  26  2:42  Drone x2  
  26  3:23  Overlord x2  
  27  3:27  Zergling x2  
  27  3:42  Roach  
  27  3:43  Roach x4  
  36  3:49  Zergling x8  
  39  4:05  Metabolic Boost  
  39  4:26  Drone x5  
  39  4:28  Overlord  
  44  4:57  Roach  
  44  4:58  Roach x3  
  44  5:30  Zergling x2  
  44  5:31  Zergling x12  
  47  5:47  Roach x3  
  47  5:49  Overlord x2  
  49  5:57  Lair  
  49  6:13  Overlord x2  
  49  6:15  Roach x2  
  49  6:16  Roach  
  53  6:29  Drone  
  53  6:30  Drone x5  
  59  6:33  Extractor  
  59  6:37  Extractor  
  57  6:44  Pneumatized Carapace  
  57  6:49  Zerg Missile Weapons Level 1  
  51  7:51  Hydralisk Den, Roach x9  
  61  7:57  Evolution Chamber  
  67  8:02  Zergling x2  
  67  8:03  Overlord x3  
  68  8:22  Lurker Den  
  68  8:24  Hatchery  
  67  8:31  Glial Reconstitution  
  66  8:39  Hydralisk  
  58  9:15  Drone x3  
  61  9:39  Hydralisk x2  
  65  9:49  Lurker  
  65  9:52  Hydralisk  
  68  10:05  Drone x2  
  68  10:06  Drone  
  71  10:12  Drone  
  71  10:13  Drone  
  73  10:19  Lurker  
  74  10:22  Lurker  
  75  10:30  Hydralisk  
  75  10:34  Drone x2  
  79  10:38  Drone x2  
  52  11:07  Zergling x22  
  52  11:10  Lurker  
  64  11:15  Spore Crawler  
Show
View Real Time Build Order
Export as new Build Order

alderuines Protoss - Winner!

Build Orders: 1 Gate Expand 

Get SALT Encoding   

  12  0:01  Probe (Chrono Boost)  
  13  0:12  Probe (Chrono Boost)  
  14  0:18  Pylon  
  15  0:32  Probe (Chrono Boost)  
  16  0:43  Probe (Chrono Boost)  
  16  0:44  Gateway  
  16  0:46  Assimilator  
  16  0:53  Probe (Chrono Boost)  
  17  1:04  Probe (Chrono Boost)  
  18  1:19  Probe (Chrono Boost)  
  18  1:25  Nexus  
  19  1:29  Probe (Chrono Boost)  
  20  1:52  Probe (Chrono Boost)  
  20  2:02  Cybernetics Core  
  20  2:05  Assimilator, Zealot (Chrono Boost)  
  20  2:08  Pylon  
  22  2:11  Probe (Chrono Boost)  
  22  2:40  Adept (Chrono Boost)  
  22  2:42  Warp Gate  
  24  2:44  Mothership Core (Chrono Boost)  
  24  2:49  Probe (Chrono Boost)  
  27  3:00  Probe (Chrono Boost)  
  27  3:03  Probe (Chrono Boost)  
  29  3:10  Probe (Chrono Boost)  
  30  3:14  Probe (Chrono Boost)  
  30  3:19  Sentry  
  33  3:21  Probe (Chrono Boost)  
  34  3:28  Probe (Chrono Boost)  
  34  3:29  Pylon  
  34  3:31  Pylon  
  34  3:32  Robotics Facility  
  35  3:35  Pylon  
  35  3:36  Probe (Chrono Boost)  
  35  3:40  Probe (Chrono Boost)  
  37  3:47  Probe (Chrono Boost)  
  38  4:00  Probe (Chrono Boost)  
  38  4:01  Adept  
  41  4:06  Twilight Council  
  41  4:08  Gateway  
  41  4:09  Gateway  
  41  4:20  Observer  
  42  4:25  Probe (Chrono Boost)  
  42  4:27  Probe (Chrono Boost)  
  42  4:30  Assimilator  
  44  4:35  Probe (Chrono Boost)  
  44  4:36  Assimilator  
  44  4:47  Robotics Facility, Pylon, Resonating Glaives  
  44  4:53  Probe (Chrono Boost)  
  44  4:54  Probe (Chrono Boost)  
  44  4:59  Pylon  
  46  5:04  Immortal (Chrono Boost)  
  46  5:07  Probe (Chrono Boost)  
  51  5:10  Stalker  
  51  5:23  Stalker x2  
  53  5:30  Probe  
  54  5:38  Stalker  
  55  5:46  Probe  
  53  5:52  Probe  
  54  5:58  Probe  
  54  6:03  Probe  
  54  6:04  Stalker x3  
  57  6:11  Probe  
  63  6:18  Probe  
  63  6:23  Probe  
  65  6:27  Sentry  
  65  6:28  Blink  
  65  6:29  Probe  
  65  6:31  Gateway  
  68  6:33  Gateway, Zealot x2  
  68  6:35  Probe  
  68  6:39  Observer (Chrono Boost)  
  75  6:42  Observer (Chrono Boost)  
  75  6:56  Stalker x3  
  75  6:57  Warp Prism (Chrono Boost)  
  83  7:38  Pylon  
  83  7:44  Probe  
  83  7:46  Probe  
  83  7:49  Nexus  
  83  7:50  Pylon  
  85  7:55  Pylon  
  85  7:57  Assimilator  
  85  7:59  Immortal (Chrono Boost)  
  85  8:02  Probe  
  85  8:03  Assimilator  
  85  8:04  Immortal (Chrono Boost)  
  94  8:07  Probe  
  95  8:13  Forge, Gateway  
  95  8:15  Probe  
  95  8:16  Forge  
  95  8:17  Probe  
  97  8:25  Adept x3  
  103  8:27  Probe, Adept  
  106  8:36  Adept  
  108  8:47  Probe  
  105  8:55  Probe  
  101  8:59  Immortal (Chrono Boost)  
  101  9:00  Probe, Sentry x2  
  101  9:01  Probe  
  113  9:04  Immortal (Chrono Boost)  
  114  9:14  Robotics Bay  
  114  9:16  Pylon  
  114  9:20  Gateway, Probe  
  114  9:21  Pylon  
  115  9:30  Stalker x2  
  115  9:31  Stalker  
  121  9:33  Protoss Ground Armor Level 1 (Chrono Boost)  
  121  9:35  Protoss Ground Weapons Level 1 (Chrono Boost)  
  121  10:00  Sentry x2  
  121  10:03  Pylon, Zealot x3  
  121  10:06  Pylon  
  131  10:09  Pylon  
  131  10:12  Colossus (Chrono Boost)  
  143  10:21  Colossus (Chrono Boost)  
  143  10:31  Stalker x4  
  151  10:44  Adept  
  151  10:45  Adept x2  
  145  11:02  Probe  
  145  11:03  Probe  
  139  11:08  Adept x3  
  139  11:09  Adept  
  139  11:10  Adept  
  149  11:12  Stalker  
  151  11:24  Stalker  
  151  11:32  Adept x5  
Tags
 
Add a new tag
Caveats
  • Supply blocks, unpowered buildings, or Contaminate may cause inaccurate times.
  • Supply counts are checked every 10 seconds.